[Event "ICC Open2015 Finals"]
[Site "Internet Chess Club"]
[Date "2015.05.31"]
[Round "9"]
[White "isodung"]
[Black "Federicov"]
[Result "1/2-1/2"]
[ICCResult "Game drawn because neither player has mating material"]
[WhiteElo "3029"]
[BlackElo "3086"]
[Opening "Nimzovich-Larsen attack: classical variation"]
[ECO "A01"]
[NIC "VO.08"]
[Time "14:56:50"]
[TimeControl "180+0"]

1. b3 d5 2. Bb2 Nf6 3. g3 Bf5 4. Bg2 e6 5. Nf3 Be7 6. d3 h6 7. O-O O-O 8. c4
c6 9. Nbd2 Nbd7 10. Qc2 Bh7 11. e4 dxe4 12. dxe4 Qc7 13. Rfe1 e5 14. Nh4
Rad8 15. Nf5 Bb4 16. a3 Bxd2 17. Qxd2 Nc5 18. Qc2 Nd3 19. Re2 Nxb2 20. Qxb2
Bxf5 21. exf5 Rfe8 22. Rae1 Rd4 23. h3 Qd6 24. b4 b6 25. Qc2 c5 26. b5 Rd3
27. a4 Qd4 28. a5 e4 29. Re3 Rxe3 30. Rxe3 h5 31. axb6 axb6 32. Qe2 Qe5 33.
g4 Qf4 34. Rg3 hxg4 35. hxg4 Qg5 36. Qe3 Qxe3 37. fxe3 Nd7 38. Kf2 Ne5 39.
Bxe4 Nxc4 40. Bd5 Nd6 41. Bc6 Ne4+ 42. Bxe4 Rxe4 43. Rg1 Rb4 44. Rd1 f6 45.
Rd8+ Kh7 46. Kf3 Rxb5 47. e4 Rb1 48. g5 fxg5 49. e5 Re1 50. e6 g6 51. Kg4
gxf5+ 52. Kxf5 g4 53. Kf6 g3 54. Rd7+ Kh8 55. Rd8+ Kh7 56. Rd7+ Kh6 57. Rd3
Rf1+ 58. Ke5 g2 59. Rh3+ Kg7 60. Rg3+ Kf8 61. Rxg2 Ke7 62. Rg7+ Ke8 63. Rg8+
Ke7 64. Rg7+ Kf8 65. Rb7 Re1+ 66. Kf6 Rf1+ 67. Ke5 c4 68. Rxb6 c3 69. Rc6
Re1+ 70. Kd4 Rd1+ 71. Ke5 Re1+ 72. Kd4 Rd1+ 73. Ke5 Re1+ 74. Kd4 Ke7 75.
Rxc3 Kxe6 76. Re3+ Rxe3 77. Kxe3
{Game drawn because neither player has mating material}
1/2-1/2

[Event "ICC Open2015 Finals"]
[Site "Internet Chess Club"]
[Date "2015.05.31"]
[Round "9"]
[White "fireland"]
[Black "depressnyak"]
[Result "1-0"]
[ICCResult "Black resigns"]
[WhiteElo "3174"]
[BlackElo "3201"]
[Opening "Queen's pawn: London system"]
[ECO "A45"]
[NIC "QP.07"]
[Time "14:56:54"]
[TimeControl "180+0"]

1. d4 Nf6 2. Bf4 c5 3. d5 Qb6 4. Nc3 e6 5. e3 Qxb2 6. Nge2 Qb4 7. Rb1 Qa5 8.
Qd2 exd5 9. g4 h6 10. Bg2 Nc6 11. Nxd5 Qxd2+ 12. Kxd2 Nxd5 13. Bxd5 b6 14.
Nc3 Ba6 15. h4 Rc8 16. a4 Be7 17. Nb5 O-O 18. g5 Nb4 19. Bf3 d5 20. gxh6
Rfd8 21. Rbg1 g6 22. h5 Kh7 23. hxg6+ fxg6 24. Bh5 Rg8 25. Bg4 Rcd8 26. Be6
Rgf8 27. c3 Nc6 28. Bc7 d4 29. Bxd8 Rxd8 30. cxd4 cxd4 31. e4 Bb4+ 32. Kd1
Ne5 33. f4 Nd3 34. Rf1 Nc5 35. f5 g5 36. Bd5 Nxa4 37. Nxd4 Bxf1 38. Rxf1
Nc3+ 39. Kc2 Nxd5 40. exd5 Rxd5 41. Ne6 Be7 42. f6 Bxf6 43. Rxf6 g4 44. Nf8+
Kg8 45. h7+ Kh8 46. Rg6 {Black resigns} 1-0

[Event "ICC Open2015 Finals"]
[Site "Internet Chess Club"]
[Date "2015.05.31"]
[Round "10"]
[White "Federicov"]
[Black "isodung"]
[Result "1-0"]
[ICCResult "Black checkmated"]
[WhiteElo "3099"]
[BlackElo "3016"]
[Opening "Queen's gambit declined"]
[ECO "D30"]
[NIC "QP.08"]
[Time "15:04:14"]
[TimeControl "180+0"]

1. d4 d5 2. c4 e6 3. Nf3 c5 4. cxd5 exd5 5. g3 Nc6 6. Bg2 Nf6 7. O-O Be7 8.
dxc5 Bxc5 9. a3 a6 10. b4 Ba7 11. Nc3 O-O 12. Bb2 Re8 13. Rc1 Bf5 14. Na4
Be4 15. Qd2 h6 16. e3 Qe7 17. Rfd1 Rad8 18. Nc5 Bxc5 19. Rxc5 Qe6 20. Nd4
Nxd4 21. Qxd4 Rc8 22. Rdc1 Rxc5 23. Rxc5 Rc8 24. f3 Bg6 25. Rxc8+ Qxc8 26.
Bc3 Qf5 27. Qd2 Qb1+ 28. Kf2 Qb3 29. Qb2 Qd1 30. Bxf6 gxf6 31. Bf1 Kg7 32.
Qc3 b5 33. g4 Qb1 34. h4 Qa2+ 35. Kg3 Qb1 36. Kf2 Qa2+ 37. Be2 Bc2 38. Qd2
Qb3 39. Qd4 Bg6 40. g5 hxg5 41. hxg5 Qc2 42. gxf6+ Kg8 43. Qe5 Qc6 44. f4
Qd7 45. Qb8+ Kh7 46. Qf8 Qd8 47. Qg7# {Black checkmated} 1-0

[Event "ICC Open2015 Finals"]
[Site "Internet Chess Club"]
[Date "2015.05.31"]
[Round "10"]
[White "depressnyak"]
[Black "fireland"]
[Result "1-0"]
[ICCResult "Black resigns"]
[WhiteElo "3216"]
[BlackElo "3159"]
[Opening "Queen's pawn: London system"]
[ECO "A45"]
[NIC "QP.07"]
[Time "15:04:18"]
[TimeControl "180+0"]

1. d4 Nf6 2. Bf4 d5 3. e3 Nbd7 4. Nd2 e6 5. Bd3 c5 6. c3 Be7 7. Ngf3 O-O 8.
h3 b6 9. O-O Bb7 10. Qb1 Re8 11. Bh2 Nf8 12. Ne5 Ng6 13. f4 cxd4 14. exd4
Bd6 15. Qc2 Rc8 16. Rae1 a5 17. Qd1 Qc7 18. Qe2 Nf8 19. g4 Re7 20. g5 Ne8
21. Rf2 g6 22. Ng4 Kh8 23. Ref1 Ng7 24. Nf3 Nf5 25. Nfe5 a4 26. a3 Bc6 27.
Nf6 Nd7 28. h4 h5 29. Nxh5 gxh5 30. Bxf5 exf5 31. Qxh5+ Kg7 32. Qh6+ Kg8 33.
g6 fxg6 34. Rg2 Nf8 35. Nxg6 Nxg6 36. Rxg6+ Rg7 37. Kh1 Bf8 38. Rfg1 Be8 39.
Rxg7+ Bxg7 40. Qe6+ Kh8 41. Qxf5 Qd7 42. Qg5 Rc6 43. f5 Qf7 44. Be5 Bxe5 45.
dxe5 d4 46. e6 Rxe6 47. fxe6 Bc6+ 48. Kh2 Qf2+ 49. Kh3 Qf3+ 50. Qg3 Qf5+ 51.
Qg4 Qxg4+ {Black resigns} 1-0

[Event "ICC Open2015 Finals"]
[Site "Internet Chess Club"]
[Date "2015.05.31"]
[Round "11"]
[White "Federicov"]
[Black "depressnyak"]
[Result "1-0"]
[ICCResult "Black forfeits on time"]
[WhiteElo "3120"]
[BlackElo "3195"]
[Opening "Sicilian: accelerated fianchetto, modern variation with Bc4"]
[ECO "B35"]
[NIC "SI.31"]
[Time "15:19:29"]
[TimeControl "180+0"]

1. e4 c5 2. Nf3 Nc6 3. Nc3 g6 4. d4 cxd4 5. Nxd4 Bg7 6. Be3 Nf6 7. Bc4 O-O
8. Bb3 d6 9. f3 Bd7 10. h4 h5 11. Qd2 Ne5 12. O-O-O Rc8 13. Kb1 Nc4 14. Bxc4
Rxc4 15. Nde2 b5 16. b3 Rc8 17. Bh6 b4 18. Bxg7 Kxg7 19. Nd5 Nxd5 20. exd5
Qb6 21. g4 Rh8 22. gxh5 Rxh5 23. Ng3 Rh6 24. h5 Rch8 25. Rde1 e5 26. dxe6
Bxe6 27. Ne4 Rxh5 28. Rhg1 Rd5 29. Qf4 Rf5 30. Qd2 Rd5 31. Qf4 Qd4 32. Rh1
Rdh5 33. Rhg1 Rf5 34. Qg3 Rd5 35. Rh1 Rdh5 36. Rxh5 Rxh5 37. Nxd6 a5 38.
Ne8+ Kh7 39. Qc7 a4 40. Qe7 Rh2 41. Nf6+ Kg7 42. Ne8+ Kg8 43. Nf6+ Kg7 44.
Ne8+ Kg8 45. Qf6 Qxf6 46. Nxf6+ Kg7 47. Ne8+ Kf8 48. Nc7 Bf5 49. Rc1 axb3
50. axb3 Rf2 51. Nd5 Rxf3 52. Nxb4 g5 53. Kb2 g4 54. Nc6 g3 55. Nd4 Rf4 56.
Ne2 Rg4 57. Rg1 g2 58. Nc3 Be6 59. Nd1 f5 60. Ne3 Rg3 61. Nxg2 Bd5 62. Nf4
Bg2 63. Nd5 Rg4 64. Ne3 {Black forfeits on time} 1-0

[Event "ICC Open2015 Finals"]
[Site "Internet Chess Club"]
[Date "2015.05.31"]
[Round "12"]
[White "depressnyak"]
[Black "Federicov"]
[Result "1-0"]
[ICCResult "Black resigns"]
[WhiteElo "3208"]
[BlackElo "3107"]
[Opening "Queen's pawn: London system"]
[ECO "A45"]
[NIC "QP.07"]
[Time "15:26:23"]
[TimeControl "180+0"]

1. d4 Nf6 2. Bf4 e6 3. e3 b6 4. Nd2 Bb7 5. Ngf3 Be7 6. h3 O-O 7. Bd3 c5 8.
c3 d6 9. O-O Nbd7 10. Bh2 d5 11. a4 a6 12. Qb1 Re8 13. b4 cxb4 14. cxb4 Rc8
15. Ne5 g6 16. Qb2 Bf8 17. Rfc1 Qe7 18. b5 a5 19. Nc6 Bxc6 20. bxc6 Nb8 21.
c7 Nbd7 22. Ba6 Qb4 23. Qxb4 Bxb4 24. Ra2 Kf8 25. f3 Ke7 26. Nb1 Nh5 27. Na3
Bxa3 28. Rxa3 Ng7 29. g4 h5 30. Rc6 hxg4 31. hxg4 f5 32. Rb3 fxg4 33. fxg4
Nf6 34. Bxc8 Rxc8 35. Rbxb6 Nxg4 36. Rb8 Kd7 37. Rxc8 Kxc8 38. Bf4 Nh5 39.
Bd6 Nhf6 40. Ra6 Kb7 41. Ra8 {Black resigns} 1-0

[Event "ICC Open2015 Finals"]
[Site "Internet Chess Club"]
[Date "2015.05.31"]
[Round "13"]
[White "Federicov"]
[Black "depressnyak"]
[Result "0-1"]
[ICCResult "White resigns"]
[WhiteElo "3096"]
[BlackElo "3219"]
[Opening "Ruy Lopez: Berlin defense"]
[ECO "C65"]
[NIC "RL.07"]
[Time "15:31:14"]
[TimeControl "180+0"]

1. e4 e5 2. Nf3 Nc6 3. Bb5 Nf6 4. d3 Bc5 5. O-O d6 6. c3 O-O 7. Re1 a6 8.
Bxc6 bxc6 9. h3 Re8 10. Nbd2 d5 11. exd5 Qxd5 12. Nb3 Bf8 13. c4 Qd6 14. Be3
Nd7 15. d4 e4 16. Nfd2 a5 17. a4 c5 18. dxc5 Qg6 19. Bf4 Nxc5 20. Re3 Bf5
21. Rg3 Qf6 22. Be3 Nd3 23. Bd4 Qh6 24. Nf1 Rad8 25. Ne3 Be6 26. Ng4 Bxg4
27. Qxg4 g6 28. Qg5 Qxg5 29. Rxg5 f5 30. Be3 Bh6 31. Nxa5 f4 32. Bxf4 Nxf4
33. Rc5 Rd2 34. Rxc7 e3 35. fxe3 Rxg2+ 36. Kh1 Rxe3 37. Rc8+ Bf8 {White
resigns} 0-1

[Event "ICC Open2015 Finals"]
[Site "Internet Chess Club"]
[Date "2015.05.31"]
[Round "14"]
[White "depressnyak"]
[Black "Federicov"]
[Result "0-1"]
[ICCResult "White resigns"]
[WhiteElo "3198"]
[BlackElo "3117"]
[Opening "Queen's pawn: London system"]
[ECO "A45"]
[NIC "QP.07"]
[Time "15:36:34"]
[TimeControl "180+0"]

1. d4 Nf6 2. Bf4 c5 3. d5 g6 4. Nc3 Bg7 5. e4 d6 6. Bd3 O-O 7. Nf3 Bg4 8. h3
Bxf3 9. Qxf3 Nbd7 10. O-O a6 11. a4 Ne8 12. Qe3 Rb8 13. Bh6 Nc7 14. Bxg7
Kxg7 15. Ne2 b5 16. axb5 axb5 17. c3 e5 18. dxe6 Nxe6 19. f4 c4 20. Bc2 Qb6
21. Qxb6 Rxb6 22. Ra7 Nf6 23. Rd1 Nc5 24. e5 dxe5 25. fxe5 Nfe4 26. Nf4 Ng5
27. h4 Nge6 28. Nd5 Rb7 29. Rxb7 Nxb7 30. Nb4 Nbc5 31. Kf2 Re8 32. Kf3 Nc7
33. Kf4 N7e6+ 34. Kf3 Nc7 35. Kf4 N7e6+ 36. Kf3 h6 37. g3 Nc7 38. Kf4 N7e6+
39. Kf3 g5 40. hxg5 hxg5 41. Kg4 Rh8 42. Rd2 Rh1 43. Bf5 Re1 44. Nc6 Re3 45.
Rd5 Ne4 46. Bxe4 Rxe4+ 47. Kf3 Re1 48. Rxb5 Rf1+ 49. Ke2 Rg1 50. Kf2 Rc1 51.
Na5 Rc2+ 52. Kf3 Rc1 53. Nxc4 Rf1+ 54. Ke2 Rg1 55. Kf2 Rc1 56. Ne3 Rh1 57.
g4 Rh3 58. Rb8 Nf4 59. Nf5+ Kh7 60. Rf8 Nd3+ 61. Kf1 Nxe5 62. Re8 f6 63. Kg2
Rd3 64. Re7+ Kg8 65. Nd4 Nxg4 66. Rc7 Ne3+ 67. Kf2 Nd5 68. Nf5 Nxc7
{White resigns}
0-1

[Event "ICC Open2015 Finals"]
[Site "Internet Chess Club"]
[Date "2015.05.31"]
[Round "15"]
[White "Federicov"]
[Black "depressnyak"]
[Result "0-1"]
[ICCResult "White checkmated"]
[WhiteElo "3105"]
[BlackElo "3210"]
[Opening "Ruy Lopez: Berlin defense"]
[ECO "C65"]
[NIC "RL.07"]
[Time "15:43:12"]
[TimeControl "180+0"]

1. e4 e5 2. Nf3 Nc6 3. Bb5 Nf6 4. d3 Bc5 5. O-O d6 6. c3 O-O 7. Nbd2 a6 8.
Bxc6 bxc6 9. Re1 Re8 10. Nc4 h6 11. Be3 Bxe3 12. Nxe3 a5 13. Qc2 c5 14. Rad1
a4 15. h3 Be6 16. c4 Nd7 17. Rb1 Nb8 18. Qe2 Nc6 19. Nd5 f5 20. Qd2 Rf8 21.
a3 fxe4 22. dxe4 Bxh3 23. Re3 Be6 24. Nh2 Nd4 25. Rg3 Kh7 26. Nf1 c6 27. Nc3
Qh4 28. Ne3 Rf7 29. Rf1 Rf6 30. Qd1 Raf8 31. Nxa4 R8f7 32. Nc3 Rxf2 33. Rxf2
Qxg3 34. Rxf7 Bxf7 35. Nf5 Qg5 36. Nxd6 Bh5 37. Qd3 Nf3+ 38. Kf1 Qc1+ 39.
Kf2 Qe1# {White checkmated} 0-1

[Event "ICC Open2015 Finals"]
[Site "Internet Chess Club"]
[Date "2015.05.31"]
[Round "16"]
[White "depressnyak"]
[Black "Federicov"]
[Result "1/2-1/2"]
[ICCResult "Game drawn by repetition"]
[WhiteElo "3205"]
[BlackElo "3110"]
[Opening "Queen's pawn: London system"]
[ECO "A45"]
[NIC "QP.07"]
[Time "15:47:42"]
[TimeControl "180+0"]

1. d4 Nf6 2. Bf4 g6 3. Nc3 Bg7 4. e4 d6 5. Qd2 c6 6. O-O-O O-O 7. Bh6 b5 8.
Bxg7 Kxg7 9. e5 dxe5 10. dxe5 Qxd2+ 11. Rxd2 Ng4 12. f4 Ne3 13. Bd3 Na6 14.
Nf3 Nc5 15. Re1 Nxd3+ 16. cxd3 Nf5 17. g4 Nh6 18. h3 Be6 19. Ng5 b4 20.
Nxe6+ fxe6 21. Ne2 Nf7 22. d4 Rac8 23. Rc2 Rfd8 24. Rc5 Rd5 25. Kd2 Rxc5 26.
dxc5 Rd8+ 27. Ke3 g5 28. h4 h6 29. fxg5 Nxe5 30. gxh6+ Kxh6 31. g5+ Kg7 32.
Nf4 Nc4+ 33. Ke4 Kf7 34. b3 Nd2+ 35. Ke3 e5 36. Nd3 e4 37. Kxd2 Rxd3+ 38.
Kc2 Rc3+ 39. Kd2 Rd3+ 40. Kc2 Rd4 41. Rd1 e5 42. Rxd4 exd4 43. h5 a5 44. Kd2
Kg7 45. Ke2 Kf7 46. Kd2 Kg7 47. Ke2 Kf7 48. Kd2 Kg7 49. Ke2 Kf7
{Game drawn by repetition}
1/2-1/2